[Event "Nové Hrady - Open"]
[Site "Nové Hrady, Czech Republic"]
[Date "2024.08.11"]
[Round "1.1"]
[White "Žilavý, Jan"]
[Black "Hrbková, Johana"]
[Result "1-0"]
[TimeControl "2x90min+30s"]
[WhiteFideId "350141"]
[BlackFideId "23709146"]
[WhiteElo "2127"]
[BlackElo "1607"]

1. e4 e5 2. Nf3 Nc6 3. Bb5 d6 4. d4 Bd7 5. d5 Nce7 6. a4 f5 7. Ng5 Nf6 8. Ne6 Qc8 9. Nc3 a6 10.
Bg5 axb5 11. Bxf6 Bxe6 12. Bxe7 Bxe7 13. dxe6 Qxe6 14. Nxb5 O-O-O 15. Qd5 Qg6 16. exf5 Qxf5 17. Ra3 Qxc2 18.
O-O c6 19. Rc3 Kd7 20. Rxc2 cxd5 21.
Rc7+ Ke6 22. Rxb7 Rc8 23. Nc7+ Kf5 24. Nxd5 Bg5 25. b4 Rc4 26. a5 1-0

[Event "Nové Hrady - Open"]
[Site "Nové Hrady, Czech Republic"]
[Date "2024.08.11"]
[Round "1.2"]
[White "Černý, Zbyšek"]
[Black "Dudek, Vojtěch"]
[Result "0-1"]
[TimeControl "2x90min+30s"]
[WhiteFideId "23739380"]
[BlackFideId "398780"]
[WhiteElo "1582"]
[BlackElo "2117"]

1. d4 Nf6 2. c4 e6 3. Nc3 d5 4. e3 Be7 5. Nf3 O-O 6. Bd3 dxc4 7. Bxc4 c5 8. O-O a6 9. a4 Nc6 10.
b3 Bd7 11. Bb2 cxd4 12. Nxd4 Qc7 13. Nf3 Rfd8 14. Qc2 Na5 15. Be2 Qb6 16. Bd1 Rac8 17. Rb1 Bb4 18. Ne5 Be8 19. Be2 Qc7 20.
Nc4 b5 21. axb5 axb5 22. Na2 Be7 23. Qc3 bxc4 24. bxc4 Nb7 25. Ba1 Nc5 26. Bf3 Bc6 27. Bxc6 Qxc6 28. Nb4 Qc7 29. Rfd1 Nce4 30.
Qb2 Rxd1+ 31. Rxd1 Rb8 32. Na6 Rxb2 33. Nxc7 Rxf2 0-1

[Event "Nové Hrady - Open"]
[Site "Nové Hrady, Czech Republic"]
[Date "2024.08.11"]
[Round "1.3"]
[White "Šimůnek, Jakub Šimon"]
[Black "Slabý, Martin"]
[Result "1-0"]
[TimeControl "2x90min+30s"]
[WhiteFideId "23709464"]
[BlackFideId "23713593"]
[WhiteElo "2042"]
[BlackElo "1569"]

1. e4 c5 2. Nf3 e6 3. c3 a6 4. d4 cxd4 5. cxd4 d6 6. Bd3 b5 7. O-O Bb7 8. Nc3 Nd7 9. Re1 Be7 10.
e5 Bxf3 11. Qxf3 dxe5 12. dxe5 Qb8 13. Bf4 Bb4 14. Qg4 g6 15. Re2 Ne7 16. Ne4 Nc6 17. Nf6+ Nxf6 18. exf6 Bd6 19. Rxe6+ fxe6 20.
Qxe6+ Kd8 21. Bxd6 Nd4 22. Qe7+ 1-0

[Event "Nové Hrady - Open"]
[Site "Nové Hrady, Czech Republic"]
[Date "2024.08.11"]
[Round "1.4"]
[White "Mácová, Markéta"]
[Black "Slabý, Matěj"]
[Result "0-1"]
[TimeControl "2x90min+30s"]
[WhiteFideId "23715588"]
[BlackFideId "23734876"]
[WhiteElo "1567"]
[BlackElo "2020"]

1. e4 c6 2. d4 d5 3. exd5 cxd5 4. Nf3 Bg4 5. Be2 Nc6 6. Bf4 Qb6 7. Nc3 e6 8. Nb5 Rc8 9. Rb1 Bxf3 10.
gxf3 a6 11. Nc3 Qxd4 12. Qxd4 Nxd4 13. a3 Nxc2+ 14. Kd2 Nd4 15. Bd1 Ne7 16. Rg1 Ng6 17. Be3 Nf5 18. Bb6 Ne5 19. Be2 Bd6 20.
Rbe1 Nh4 21. Ke3 d4+ 22. Bxd4 Nf5+ 23. Ke4 Nc4 24. Bxc4 Rxc4 25. Kd3 Rxd4+ 26. Kc2 Bxh2 0-1

[Event "Nové Hrady - Open"]
[Site "Nové Hrady, Czech Republic"]
[Date "2024.08.11"]
[Round "1.5"]
[White "Kaiser, Richard"]
[Black "Šrámek, Jan"]
[Result "1-0"]
[TimeControl "2x90min+30s"]
[WhiteFideId "4651286"]
[BlackFideId "23743638"]
[WhiteElo "2019"]
[BlackElo "1555"]

1. e4 e5 2. Nc3 Nc6 3. Bc4 Nf6 4. d3 Bc5 5. Nf3 d6 6. Bg5 Bg4 7. Na4 Bb6 8. c3 O-O 9. b4 h6 10.
Nxb6 axb6 11. Bh4 Ra3 12. Qc1 Ra8 13. Rg1 Qe7 14. h3 Be6 15. g4 Bxc4 16. g5 Nh5 17. gxh6 Qe6 18. hxg7 Nxg7 19.
Qg5 Qg6 20. Qf6 Bxd3 21. Rxg6 1-0

[Event "Nové Hrady - Open"]
[Site "Nové Hrady, Czech Republic"]
[Date "2024.08.11"]
[Round "1.6"]
[White "Schneider, Wolfgang"]
[Black "Hrbek, Jáchym"]
[Result "0-1"]
[TimeControl "2x90min+30s"]
[WhiteFideId "1639471"]
[BlackFideId "23709138"]
[WhiteElo "1542"]
[BlackElo "1996"]

1. e4 c5 2. c4 Nc6 3. Nf3 e5 4. d3 Nge7 5. Nc3 d6 6. a3 g6 7. h3 Bg7 8. Bg5 h6 9. Bh4 g5 10.
Bg3 O-O 11. Be2 f5 12. Nd5 Nxd5 13. cxd5 Ne7 14. Qb3 b5 15. Qxb5 a5 16. exf5 Bxf5 17. Nd2 Rb8 18. Qa6 Bc8 19.
Qc4 Rxb2 20. Ne4 Bb7 21. Bf3 Bxd5 22. Qa6 Rb6 23. Qxa5 Rb1+ 24. Rxb1 Qxa5+ 25. Nd2 Bxf3 26. gxf3 Nf5 27.
Ke2 Nd4+ 28. Ke3 d5 29. h4 Qa6 30. Rbc1 Qf6 31. hxg5 Qf4+ 32. Bxf4 exf4# 33. Kxd4 0-1

[Event "Nové Hrady - Open"]
[Site "Nové Hrady, Czech Republic"]
[Date "2024.08.11"]
[Round "1.7"]
[White "Steinbauer, Sebastián"]
[Black "Polanský, Matěj"]
[Result "1-0"]
[TimeControl "2x90min+30s"]
[WhiteFideId "399272"]
[BlackFideId "23741872"]
[WhiteElo "1990"]
[BlackElo "1520"]

1. e4 e5 2. Nf3 Nc6 3. Bc4 Nf6 4. Ng5 d5 5. exd5 b5 6. dxc6 bxc4 7. Nc3 Bc5 8. Qe2 O-O 9. O-O Re8 10.
Qxc4 Qe7 11. d3 Bb6 12. Be3 h6 13. Nge4 Nxe4 14. Qxe4 Qd6 15. Qa4 Bf5 16. Rad1 Qg6 17. Ne4 Rad8 18.
a3 Re6 19. Bxb6 axb6 20. Ng3 Red6 21. Nxf5 Qxf5 22. b4 Rd4 23. Rde1 Re8 24. Qb5 Qf6 25. Re3 Rd6 26. c4 Rxc6 27.
d4 Rce6 28. d5 R6e7 29. a4 Ra8 30. Rd1 Ree8 31. g3 e4 32. Rde1 Qd4 33. Qc6 Rac8 34. a5 bxa5 35. bxa5 Qa7 36.
Rxe4 Rxe4 37. Rxe4 Qxa5 38. d6 Qa1+ 39. Kg2 Qf6 40. d7 Qxc6 41. dxc8=Q+ Kh7 42. Qf5+ Qg6 43. Qxg6+ Kxg6 44. Re7 Kf6 45.
Rxc7 Ke6 46. c5 Kd5 47. Rxf7 h5 48. Rxg7 h4 49. Rg5+ Ke4 50. c6 h3+ 51. Kf1 Kf3 52. c7 Ke4 53. c8=Q Kd3 54. Rd5+ Ke4 55.
Qf5# 1-0

[Event "Nové Hrady - Open"]
[Site "Nové Hrady, Czech Republic"]
[Date "2024.08.11"]
[Round "1.8"]
[White "Brabcová, Nikola"]
[Black "Šťastná, Martina"]
[Result "0-1"]
[TimeControl "2x90min+30s"]
[WhiteFideId "23739371"]
[BlackFideId "385123"]
[WhiteElo "1507"]
[BlackElo "1945"]

1. e4 e5 2. f4 d5 3. Nf3 Bg4 4. Nc3 exf4 5. d4 Nf6 6. Bd3 Bb4 7. e5 Ne4 8. Bd2 Bxf3 9. Qxf3 Qh4+ 10.
Ke2 Nxd2 11. Kxd2 c6 12. a3 Ba5 13. b4 Bb6 14. Ne2 Nd7 15. Rhf1 Nf8 16. c4 dxc4 17. Bxc4 O-O-O 18. Kc3 Ne6 19.
Rfd1 Ng5 20. Qd3 Rhe8 21. Qc2 Kb8 22. a4 f3 23. gxf3 Nxf3 24. a5 Nxd4 25. Qb2 Nxe2+ 26. Bxe2 Bd4+ 27.
Rxd4 Qxd4+ 28. Kb3 Qxb2+ 29. Kxb2 Rd2+ 30. Kc3 Rxe2 31. Rd1 R8xe5 32. Rd7 R5e3+ 33. Kc4 b5+ 34. axb6 axb6 35. Rxf7 Rxh2 36.
Rxg7 Rh4+ 37. Rg4 Rxg4# 38. Kd4 0-1

[Event "Nové Hrady - Open"]
[Site "Nové Hrady, Czech Republic"]
[Date "2024.08.11"]
[Round "1.9"]
[White "Picek, Miroslav"]
[Black "Šebesta, Marek"]
[Result "1-0"]
[TimeControl "2x90min+30s"]
[WhiteFideId "325198"]
[BlackFideId "23765119"]
[WhiteElo "1922"]
[BlackElo "1495"]

1. Nf3 Nf6 2. g3 g6 3. c4 Bg7 4. Nc3 d6 5. d4 O-O 6. e4 Nc6 7. Bg2 e5 8. dxe5 dxe5 9. Qxd8 Rxd8 10.
Bg5 Be6 11. Nd5 Bxd5 12. cxd5 Nb4 13. O-O h6 14. Bxf6 Bxf6 15. Rfd1 c6 16. a3 Na6 17. dxc6 bxc6 18. b4 Nc7 19.
Rxd8+ Rxd8 20. Rc1 Rd6 21. Kf1 Kf8 22. Ke1 Ke7 23. Rc5 Ne6 24. Ra5 Rd7 25. Nxe5 Bxe5 26. Rxe5 f6 27. Ra5 Nd4 28.
Bh3 Rb7 29. Rc5 Rb5 30. Rc3 Rh5 31. Bg4 Rxh2 32. Rc4 Rh1+ 33. Kd2 Nb5 34. Rxc6 Ra1 35. Re6+ Kf7 36. Ra6 Rxa3 37. Rxa3 Nxa3 38.
Be2 Ke6 39. Kc3 Ke5 40. f3 h5 41. Kb2 Kd4 42. Kxa3 Ke3 43. Bd1 g5 44. f4 h4 45. gxh4 gxh4 46. e5 h3 47. Ba4 h2 48. Bc6 Kxf4 49. e6 f5 50. e7 Kg3 51. e8=Q f4 52. Qe1 Kg4 53. Qf2 Kh3 54. Bd7 1-0

[Event "Nové Hrady - Open"]
[Site "Nové Hrady, Czech Republic"]
[Date "2024.08.11"]
[Round "1.10"]
[White "Valiyev, Adil"]
[Black "Garabik, Marek"]
[Result "0-1"]
[TimeControl "2x90min+30s"]
[WhiteFideId "23752246"]
[BlackFideId "23717742"]
[WhiteElo "1469"]
[BlackElo "1916"]

1. e4 e6 2. d4 d5 3. e5 c5 4. c3 Bd7 5. Nf3 Qb6 6. Qc2 Bb5 7. Bxb5+ Qxb5 8. a4 Qa6 9. Na3 Nc6 10.
Nb5 Qa5 11. dxc5 a6 12. Nd6+ Bxd6 13. cxd6 f6 14. b4 Qd8 15. Nd4 Qc8 16. Nxc6 Qxc6 17. f4 Rc8 18. Bb2 Qc4 19. Rf1 Nh6 20.
O-O-O Nf5 21. Rf3 O-O 22. g4 Nh4 23. Rd4 Qxd4 24. cxd4 Rxc2+ 25. Kxc2 Nxf3 26. Bc3 b5 27. Kd3 Nxh2 28. axb5 axb5 29. Be1 Nxg4 30.
Bh4 Kf7 31. Ke2 Nh6 32. Kf3 Nf5 33.
Bf2 Ra8 34. exf6 gxf6 35. d7 Ke7 36. d8=Q+ Rxd8 37. Kg4 Ra8 38. Kh5 Ra2 39. Bh4 Rh2 40. Kg4 Rxh4+ 41. Kf3 Nxd4+ 42. Kg3 Rxf4 43. Kxf4 Nc2 0-1

[Event "Nové Hrady - Open"]
[Site "Nové Hrady, Czech Republic"]
[Date "2024.08.12"]
[Round "2.1"]
[White "Garabik, Marek"]
[Black "Žilavý, Jan"]
[Result "0-1"]
[TimeControl "2x90min+30s"]
[WhiteFideId "23717742"]
[BlackFideId "350141"]
[WhiteElo "1916"]
[BlackElo "2127"]

1. e4 c6 2. d4 d5 3. exd5 cxd5 4. Bd3 Nc6 5. c3 Qc7 6. Ne2 Nf6 7. Bf4 e5 8. dxe5 Nxe5 9. O-O Bd6 10.
Bb5+ Bd7 11. Bxd7+ Qxd7 12. Re1 O-O 13. Nd4 Rfe8 14. Nd2 Nd3 15. Rxe8+ Rxe8 16. Be3 Nxb2 17. Qb3 Nd3 18. Nb5 Ng4 19.
Nxd6 Qxd6 20. Nf1 Nxe3 21. fxe3 Qc5 22. h3 Ne5 23. Rd1 Nc4 24. Qxb7 Nxe3 25. Nxe3 Rxe3 26. Qxd5 Re1+ 27. Kh2 Qg1+ 28. Kg3 Qe3+ 29. Kh4 Qf4+ 30.
g4 Qf2+ 31. Kg5 Qf6+ 32. Kh5 Qh6# 0-1

[Event "Nové Hrady - Open"]
[Site "Nové Hrady, Czech Republic"]
[Date "2024.08.12"]
[Round "2.2"]
[White "Dudek, Vojtěch"]
[Black "Rendl, Luboš"]
[Result "1-0"]
[TimeControl "2x90min+30s"]
[WhiteFideId "398780"]
[BlackFideId "23750197"]
[WhiteElo "2117"]
[BlackElo "1848"]

1. d4 Nf6 2. Bf4 g6 3. Nc3 d5 4. e3 Bg7 5. Be2 c6 6. h3 Nbd7 7. Nf3 O-O 8. O-O Qb6 9. a3 a5 10. b4 Qa7 11. b5 a4 12.
Rb1 Qa5 13. Rb4 cxb5 14. Bxb5 Nb6 15. Bc7 Qa7 16. Bd3 Ne4 17. Bxe4 dxe4 18. Bxb6 Qb8 19. Nxe4 Bf5 20. Ng3 Rc8 21.
Nxf5 gxf5 1-0

[Event "Nové Hrady - Open"]
[Site "Nové Hrady, Czech Republic"]
[Date "2024.08.12"]
[Round "2.3"]
[White "Schulz, Gerhard"]
[Black "Šimůnek, Jakub Šimon"]
[Result "0-1"]
[TimeControl "2x90min+30s"]
[WhiteFideId "1634780"]
[BlackFideId "23709464"]
[WhiteElo "1804"]
[BlackElo "2042"]

1. d4 d5 2. Bf4 c5 3. e3 Nc6 4. Nf3 Nf6 5. Nc3 a6 6. Be2 g6 7. O-O Bg7 8. Re1 O-O 9. Ne5 Be6 10.
Bf3 cxd4 11. exd4 Rc8 12. Ne2 Qb6 13. Rb1 Rfd8 14. c3 Bf5 15. Nd3 Qa5 16. Ra1 b5 17. Ne5 b4 18. c4 Nxe5 19.
dxe5 dxc4 20. Bd2 Nd5 21. Qc1 c3 22. bxc3 bxc3 23. Bg5 Nb4 24. Bxe7 Nd3 25. Bxd8 Qxd8 26. Rd1 c2 27. Rxd3 Qxd3 28.
Nf4 Qc3 29. Ne2 Qxe5 0-1

[Event "Nové Hrady - Open"]
[Site "Nové Hrady, Czech Republic"]
[Date "2024.08.12"]
[Round "2.4"]
[White "Slabý, Matěj"]
[Black "Junek, Petr"]
[Result "1-0"]
[TimeControl "2x90min+30s"]
[WhiteFideId "23734876"]
[BlackFideId "23739282"]
[WhiteElo "2020"]
[BlackElo "1775"]

1. d4 c5 2. c3 Nf6 3. Nf3 cxd4 4. cxd4 d5 5. Nc3 Nc6 6. Bf4 a6 7. e3 Bf5 8. Be2 e6 9. a3 Bd6 10.
Bxd6 Qxd6 11. Rc1 O-O 12. Na4 Ne4 13. Nh4 Ne7 14. Nxf5 Nxf5 15. Bd3 Nf6 16. Nc5 Nd7 17. b4 Nxc5 18.
bxc5 Qd8 19. Qb3 Rb8 20. O-O Qg5 21. Rfd1 Nh4 22. Bf1 f5 23. Qb6 Rf6 24. f4 Qh5 25. c6 Qe8 26. c7 Rc8 27.
Qxb7 Rg6 28. Rb1 Nf3+ 29. Kf2 Nxh2 30. Qxc8 Ng4+ 31. Ke1 1-0

[Event "Nové Hrady - Open"]
[Site "Nové Hrady, Czech Republic"]
[Date "2024.08.12"]
[Round "2.5"]
[White "Hajicek, Matyas"]
[Black "Steinbauer, Sebastián"]
[Result "0-1"]
[TimeControl "2x90min+30s"]
[WhiteFideId "23764481"]
[BlackFideId "399272"]
[WhiteElo "1653"]
[BlackElo "1990"]

1. e4 e5 2. Nf3 Nf6 3. Bc4 Nxe4 4. Nc3 Nd6 5. Bb3 Nc6 6. d4 exd4 7. Nd5 Be7 8. Bf4 O-O 9. Nxd4 Bf6 10.
Nxc6 dxc6 11. Nxc7 Qxc7 12. Bxd6 Qa5+ 13. c3 Rd8 14. O-O Be7 15. Bb4 Rxd1 16. Bxa5 Rxa1 17. Rxa1 b6 18. Re1 Kf8 19.
Bb4 c5 20. Ba3 Bb7 21. Kf1 b5 22. f3 b4 23. cxb4 cxb4 24. Rxe7 Kxe7 25. Bxb4+ Ke8 26. Ba4+ Kd8 27. Ke2 Bd5 28.
a3 Kc7 29. Kd3 Kb6 30. Kd4 Be6 31. Ke5 Rd8 32. Kf4 Rd5 33. Ke3 Re5+ 34. Kf2 Bc4 35. Bd1 Kb5 36. Bc3 Rd5 37. Bc2 g6 38.
Ke3 Rd7 39. Bb4 a5 40. Bf8 a4 41. Bb4 Rd8 42. Kf2 Re8 43. Bd1 Rd8 44. Bc2 Bb3 45. Bxb3 axb3 46. Ke2 Rc8 47. Bc3 Rxc3 48.
bxc3 b2 49. c4+ Kxc4 50. Kd2 b1=Q 0-1

[Event "Nové Hrady - Open"]
[Site "Nové Hrady, Czech Republic"]
[Date "2024.08.12"]
[Round "2.6"]
[White "Hrbek, Jáchym"]
[Black "Borecký, Andrej"]
[Result "1-0"]
[TimeControl "2x90min+30s"]
[WhiteFideId "23709138"]
[BlackFideId "23752670"]
[WhiteElo "1996"]
[BlackElo "1672"]

1. e4 c5 2. b4 d6 3. bxc5 dxc5 4. Bb2 Nc6 5. Bc4 Nf6 6. d3 e6 7. Nf3 Be7 8. O-O O-O 9. a4 b6 10.
Ne5 Nxe5 11. Bxe5 Nd7 12. Bb2 Bf6 13. Nc3 Ne5 14. Ba2 Nc6 15. f4 Bd4+ 16. Kh1 Kh8 17. Rf3 Nb4 18. Bc4 Bb7 19.
Rh3 f5 20. Rxh7+ Kg8 21. Bxe6+ Rf7 22. Rh8+ 1-0

[Event "Nové Hrady - Open"]
[Site "Nové Hrady, Czech Republic"]
[Date "2024.08.12"]
[Round "2.7"]
[White "Dudarec, Elias"]
[Black "Kaiser, Richard"]
[Result "0-1"]
[TimeControl "2x90min+30s"]
[WhiteFideId "23714930"]
[BlackFideId "4651286"]
[WhiteElo "1750"]
[BlackElo "2019"]

1. e4 c5 2. b4 cxb4 3. a3 d5 4. exd5 Nf6 5. Nf3 Nxd5 6. axb4 Nxb4 7. Bc4 Bf5 8. d3 e6 9. O-O Bd6 10. c3 N4c6 11. Ba3 O-O 12.
Re1 Qc7 13. Bxd6 Qxd6 14. Na3 Nd7 15. Nh4 Bg6 16. Nxg6 hxg6 17. Nb5 Qb8 18. d4 a6 19. Na3 Nf6 20. Qf3 Qd6 21. Bd3 b5 22. Nc2 Rfc8 23. Be4 Nxe4 24.
Rxe4 Ne7 25. Rh4 Nf5 26. Rh3 Qd5 27. Qxd5 exd5 28. Nb4 Ne7 29. Re3 Kf8 30. Rae1 Ra7 31. Re5 f6 32. Re6 a5 33.
Na2 Rb8 34. Kf1 b4 35. Rb1 b3 36. Nc1 a4 37. g4 g5 38. Re2 Ng6 39. Na2 Nf4 40. Rd2 Kf7 41. Nb4 Rb6 42. Ke1 a3 43.
Kd1 a2 44. Ra1 Re6 45. f3 Rae7 46. Kc1 Re1+ 0-1

[Event "Nové Hrady - Open"]
[Site "Nové Hrady, Czech Republic"]
[Date "2024.08.12"]
[Round "2.8"]
[White "Šťastná, Martina"]
[Black "Hokr, Matyáš"]
[Result "1-0"]
[TimeControl "2x90min+30s"]
[WhiteFideId "385123"]
[BlackFideId "23734663"]
[WhiteElo "1945"]
[BlackElo "1641"]

1. e4 e6 2. d4 d5 3. exd5 exd5 4. Bd3 Bd6 5. Nf3 Ne7 6. O-O Bg4 7. Nbd2 Nbc6 8. c3 Qd7 9. Qc2 O-O-O 10. b4 h5 11. a4 f6 12. a5 g5 13. b5 Nb8 14. Ba3 Bxa3 15. Rxa3 Bf5 16. c4 Bxd3 17. Rxd3 g4 18. Nh4 f5 19.
b6 a6 20. c5 c6 21. Re3 Rhf8 22. Rfe1 Rf7 23. Re6 f4 24. Rd6 Qe8 25. Ng6 Rd7 26. Rde6 f3 27. Qc3 fxg2 28. Qe3 1-0

[Event "Nové Hrady - Open"]
[Site "Nové Hrady, Czech Republic"]
[Date "2024.08.12"]
[Round "2.9"]
[White "Shivairo, Swegenyi Mark"]
[Black "Picek, Miroslav"]
[Result "1/2-1/2"]
[TimeControl "2x90min+30s"]
[WhiteFideId "23745029"]
[BlackFideId "325198"]
[WhiteElo "1618"]
[BlackElo "1922"]

1. e4 c5 2. Nc3 g6 3. Nf3 Nc6 4. Bc4 e6 5. d3 Bg7 6. Be3 d6 7. Qd2 Nd4 8. Bxd4 cxd4 9. Nb5 Qb6 10.
Qb4 Bf8 11. Qb3 Qa5+ 12. c3 a6 13. Nbxd4 b5 1/2-1/2

[Event "Nové Hrady - Open"]
[Site "Nové Hrady, Czech Republic"]
[Date "2024.08.12"]
[Round "2.10"]
[White "Hrbková, Johana"]
[Black "Valiyev, Adil"]
[Result "0-1"]
[TimeControl "2x90min+30s"]
[WhiteFideId "23709146"]
[BlackFideId "23752246"]
[WhiteElo "1607"]
[BlackElo "1469"]

1. e4 e5 2. Nc3 Nf6 3. f4 d6 4. Nf3 Nc6 5. Bb5 Bd7 6. d3 Be7 7. Bxc6 bxc6 8. fxe5 dxe5 9. Nxe5 Bd6 10. Nxd7 Qxd7 11. d4 Bb4 12.
Qd3 Rd8 13. a3 Ba5 14. Be3 O-O 15. O-O Bxc3 16. bxc3 Rfe8 17. e5 Nd5 18. Bg5 Ne7 19. Rf3 h6 20. Bd2 Ng6 21. Raf1 Re7 22.
Be1 Qe6 23. Rf5 c5 24. h4 Red7 25. Qf3 cxd4 26. cxd4 Rxd4 27. Qh3 Nxe5 28. Bc3 R4d5 29. Re1 Qb6+ 30. Kh1 Ng6 31. Rxd5 Rxd5 32.
Re8+ Kh7 33. h5 Nf4 34. Qg4 Rxh5+ 35. Qxh5 Nxh5 0-1

[Event "Nové Hrady - Open"]
[Site "Nové Hrady, Czech Republic"]
[Date "2024.08.13"]
[Round "3.1"]
[White "Žilavý, Jan"]
[Black "Hrbek, Jáchym"]
[Result "0-1"]
[TimeControl "2x90min+30s"]
[WhiteFideId "350141"]
[BlackFideId "23709138"]
[WhiteElo "2127"]
[BlackElo "1996"]

1. d4 d5 2. c4 e6 3. Nc3 c5 4. cxd5 cxd4 5. Qxd4 Nc6 6. Qa4 exd5 7. Nf3 Bb4 8. Bd2 Nf6 9. a3 Bc5 10.
b4 Bb6 11. Bg5 h6 12. Bh4 g5 13. Bg3 O-O 14. Rd1 Qe7 15. Nb5 a6 16. Nbd4 Nxd4 17. Nxd4 Qe4 18. f3 Qe3 19. Rd3 Qc1+ 20.
Qd1 Qb2 21. e3 Re8 22. Be2 Bxd4 23. exd4 Bf5 24. Rd2 Qxa3 25. h4 Nh5 26. Be5 Rxe5 27. dxe5 Ng3 28. Kf2 Nxh1+ 29. Qxh1 Qxb4 30.
Rxd5 Qxh4+ 31. Qxh4 gxh4 32. Rd4 a5 33. Bb5 Rc8 34. Rxh4 Rc5 35. Be2 Kg7 36. g4 Bc2 37. f4 b5 38. Ke3 b4 39. Kd4 Rc8 40. Ba6 Rd8+ 0-1

[Event "Nové Hrady - Open"]
[Site "Nové Hrady, Czech Republic"]
[Date "2024.08.13"]
[Round "3.2"]
[White "Kaiser, Richard"]
[Black "Dudek, Vojtěch"]
[Result "1/2-1/2"]
[TimeControl "2x90min+30s"]
[WhiteFideId "4651286"]
[BlackFideId "398780"]
[WhiteElo "2019"]
[BlackElo "2117"]

1. d4 Nf6 2. c4 c5 3. d5 b5 4. cxb5 a6 5. b6 g6 6. Nc3 Bg7 7. Nf3 O-O 8. g3 d6 9. Bg2 Qxb6 10.
O-O a5 11. Re1 Nbd7 12. h3 Ba6 13. Rb1 h6 14. b3 Qa7 15. Bb2 c4 16. bxc4 Bxc4 17. Nd2 Ba6 18. Nb3 Nh5 19. e3 Ne5 20.
Ne2 a4 21. Bd4 Qd7 22. Nbc1 Rfb8 23. Nc3 Rxb1 24. Nxb1 Nc4 25. Bxg7 Nxg7 26. Nd3 Rb8 27. Qc1 Qc8 28. Bf1 e6 29.
e4 exd5 30. exd5 Nf5 31. Na3 Nxa3 32. Qxa3 Nd4 33. Rc1 Qd7 34. g4 Nf3+ 35. Kh1 Bxd3 36. Qxd3 Ne5 37. Qc3 Qb7 38. f4 Nd7 39.
Qc6 Nf6 40. Qxa4 Qxd5+ 41. Bg2 Qd2 42.
Rd1 Qf2 43. Qd4 Qxd4 44. Rxd4 d5 45. a4 Rb1+ 46. Kh2 Ra1 47. g5 hxg5 48. fxg5 Ne4 49. Bxe4 dxe4 50. Rxe4 Kg7 51. Kg3 Ra3+ 52.
Kg4 f5+ 53. gxf6+ Kxf6 54. h4 Ra1 55. Kf4 Ra3 56. Rb4 Rh3 57. Rb6+ Kg7 58. Kg4 Ra3 59. Ra6 Ra1 60. Kf4 Rh1 61. Kg5 Rg1+ 62. Kf4 Rh1 63.
Kg5 1/2-1/2

[Event "Nové Hrady - Open"]
[Site "Nové Hrady, Czech Republic"]
[Date "2024.08.13"]
[Round "3.3"]
[White "Šimůnek, Jakub Šimon"]
[Black "Šťastná, Martina"]
[Result "1-0"]
[TimeControl "2x90min+30s"]
[WhiteFideId "23709464"]
[BlackFideId "385123"]
[WhiteElo "2042"]
[BlackElo "1945"]

1. e4 e5 2. Nf3 Nc6 3. Bb5 a6 4. Ba4 Nf6 5. d3 b5 6. Bb3 Be7 7. a4 Bb7 8. O-O O-O 9. Nc3 b4 10.
Nd5 a5 11. Nxe7+ Qxe7 12. Bg5 h6 13. Be3 Nd8 14. Nh4 Nh7 15. Ng6 Qf6 16. Nxf8 Nxf8 17. f4 exf4 18. Rxf4 Qxb2 19. Rb1 Qc3 20.
Qh5 Nfe6 21. Rg4 Kh7 22. Rf1 c6 23. Bxe6 dxe6 24. e5 1-0

[Event "Nové Hrady - Open"]
[Site "Nové Hrady, Czech Republic"]
[Date "2024.08.13"]
[Round "3.4"]
[White "Steinbauer, Sebastián"]
[Black "Slabý, Matěj"]
[Result "1-0"]
[TimeControl "2x90min+30s"]
[WhiteFideId "399272"]
[BlackFideId "23734876"]
[WhiteElo "1990"]
[BlackElo "2020"]

1. e4 c6 2. d4 d5 3.
exd5 cxd5 4. c3 Nc6 5. Nf3 Qc7 6. Bd3 Bg4 7. Nbd2 e6 8. O-O Bd6 9. h3 Bh5 10. Re1 Nge7 11. Qb3 O-O-O 12. a4 Bg6 13. Bf1 Na5 14. Qa2 h5 15. b4 Nac6 16. Ba3 Kb8 17. a5 Nc8 18. b5 N6e7 19. c4 dxc4 20. Nxc4 Bxa3 21.
b6 axb6 22. axb6 Nxb6 23. Qxa3 Nc6 24. Nfe5 1-0

[Event "Nové Hrady - Open"]
[Site "Nové Hrady, Czech Republic"]
[Date "2024.08.13"]
[Round "3.5"]
[White "Picek, Miroslav"]
[Black "Garabik, Marek"]
[Result "1-0"]
[TimeControl "2x90min+30s"]
[WhiteFideId "325198"]
[BlackFideId "23717742"]
[WhiteElo "1922"]
[BlackElo "1916"]

1. Nf3 d5 2. g3 Nc6 3. d4 e6 4. Bg2 Nf6 5. O-O Be7 6. b3 O-O 7. Bb2 Ne4 8. Ne5 Nxe5 9. dxe5 f5 10.
Nd2 b6 11. c4 c6 12. cxd5 exd5 13. Nf3 Be6 14. Nd4 Qd7 15. f3 Ng5 16. h4 Nf7 17. f4 Rac8 18. Rc1 Bc5 19. e3 Bxd4 20. exd4 Nd8 21. Ba3 Re8 22.
Rf3 Nb7 23. Rfc3 Rc7 24. Bf1 Rec8 25. Ba6 Re8 26. Bxb7 Rxb7 27. Rxc6 Rbb8 28. Rc7 Qb5 29. Qh5 Qd3 30. Rxg7+ 1-0

[Event "Nové Hrady - Open"]
[Site "Nové Hrady, Czech Republic"]
[Date "2024.08.13"]
[Round "3.6"]
[White "Rendl, Luboš"]
[Black "Shivairo, Swegenyi Mark"]
[Result "1-0"]
[TimeControl "2x90min+30s"]
[WhiteFideId "23750197"]
[BlackFideId "23745029"]
[WhiteElo "1848"]
[BlackElo "1618"]

1. e4 e5 2. Nf3 Nc6 3. Bb5 Bc5 4. O-O d6 5. c3 Bd7 6.
d4 exd4 7. cxd4 Bb6 8. Nc3 Nge7 9. Bg5 f6 10. Bh4 g5 11. Nxg5 fxg5 12. Bxg5 h5 13. Nd5 Qc8 14. Bxc6 Nxc6 15.
e5 Bxd4 16. exd6 cxd6 17. Re1+ Be6 18. Rxe6+ Kd7 19. Re2 Qg8 20. Ne7 Qxg5 21. Nxc6 Bxf2+ 22. Rxf2 bxc6 23. Rf7+ Ke8 24. Qf3 Qc5+ 25.
Kh1 d5 26. Re1+ Kd8 27. Qf6+ 1-0

[Event "Nové Hrady - Open"]
[Site "Nové Hrady, Czech Republic"]
[Date "2024.08.13"]
[Round "3.7"]
[White "Mácová, Markéta"]
[Black "Schulz, Gerhard"]
[Result "1-0"]
[TimeControl "2x90min+30s"]
[WhiteFideId "23715588"]
[BlackFideId "1634780"]
[WhiteElo "1567"]
[BlackElo "1804"]

1. e4 c6 2. d4 d5 3.
exd5 cxd5 4. c3 Nf6 5. Bg5 Qb6 6. Qc2 Qe6+ 7. Be2 b6 8. Nf3 Ba6 9. Ne5 Bxe2 10. Qxe2 Nfd7 11. Nf3 Qxe2+ 12. Kxe2 f6 13. Bf4 Nc6 14. Re1 h5 15. h4 O-O-O 16. Kf1 Rg8 17. Na3 a6 18. Re6 Kb7 19. b4 b5 20. Nb1 Re8 21.
a4 Nd8 22. Re2 bxa4 23. Rxa4 Nb6 24. Ra1 Nc6 25. Nbd2 g6 26. Nb3 e6 27. Rb2 e5 28. Nc5+ Bxc5 29. bxc5 exf4 30. Rxb6+ Kc7 31.
Raxa6 Ne7 32. Rxf6 Ra8 33. Ke2 Rxa6 34. Rxa6 Rb8 35. Kd3 Nc6 36. Ra2 Rb1 37. Re2 Rb3 38. Kc2 Ra3 39. Kb2 Ra8 40.
Re6 Rb8+ 41. Kc2 Ra8 42. Nd2 Ra2+ 43. Kd3 Ra3 44. Kc2 Ra2+ 45. Kc1 Ra1+ 46. Kb2 Rd1 47. Kc2 Ra1 48. Rxg6 Ra2+ 49. Kc1 Ra1+ 50. Kb2 Rd1 51. Kc2 Ra1 52. Rg7+ Kc8 53. g3 Ra2+ 54.
Kc1 Ra1+ 55. Kb2 Rd1 56. Kc2 Ra1 57.
gxf4 Ra2+ 58. Kc1 Ra1+ 59. Kb2 Rh1 60. f5 Rxh4 61. f6 Kd8 62. Rg8+ Kd7 63. f7 1-0

[Event "Nové Hrady - Open"]
[Site "Nové Hrady, Czech Republic"]
[Date "2024.08.13"]
[Round "3.8"]
[White "Junek, Petr"]
[Black "Šrámek, Jan"]
[Result "1-0"]
[TimeControl "2x90min+30s"]
[WhiteFideId "23739282"]
[BlackFideId "23743638"]
[WhiteElo "1775"]
[BlackElo "1555"]

1. e4 e5 2. Nf3 Nc6 3. Bb5 Bc5 4. O-O d6 5. h3 Nf6 6. Re1 O-O 7. c3 Be6 8. a3 a6 9. Ba4 h6 10.
d4 exd4 11. cxd4 b5 12. Bc2 Bb6 13. d5 Ne5 14. dxe6 Nxf3+ 15. Qxf3 fxe6 16. Qg3 Nxe4 17. Qb3 Bxf2+ 18. Kh2 Bg3+ 19.
Kh1 Qf6 20. Nd2 Nf2+ 21. Kg1 Nxh3+ 22. Kh1 Nf2+ 23. Kg1 Qh4 24. Kf1 Ne4+ 25. Ke2 Rf2+ 26. Kd1 Nxd2 27. Qxe6+ Kf8 28. Bxd2 Qd4 29.
Qe7+ Kg8 30. Qe6+ Rf7 31. Bb3 Raf8 32. Qe3 Qg4+ 33. Re2 Kh7 34. Bxf7 Rxf7 35. Kc2 Rf4 36. Qd3+ Rf5 37. Rf1 Qc4+ 38.
Qxc4 Rc5 39. Qxc5 dxc5 40. Bf4 1-0